 Dungeon Crawl Stone Soup version 0.24-a0-584-g9d6b971ae4 (webtiles) character file.

Game seed: 8793016637512926140, levelgen mode: deterministic

1889 Ijustatesigmund the Shield-Bearer (level 9, -4/73 HPs)
             Began as a Gnoll Fighter on Sept 5, 2019.
             Slain by a two-headed ogre
             ... wielding a +0 giant club
              (13 damage)
             ... on level 6 of the Dungeon.
             The game lasted 00:10:43 (5134 turns).

Ijustatesigmund the Shield-Bearer (Gnoll Fighter)   Turns: 5134, Time: 00:10:43

Health: -4/73      AC: 11    Str: 19    XL:     9   Next: 15%
Magic:  14/14      EV: 12    Int: 10    God:
Gold:   690        SH: 11    Dex: 18    Spells: 15/15 levels left

rFire    + . .     SeeInvis +   a - +1 war axe
rCold    + . .     Gourm    .   c - +0 shield
rNeg     . . .     Faith    .   b - +0 acid dragon scales
rPois    +         Spirit   .   (no helmet)
rElec    .         Reflect  .   d - scarf {rC+ rF+}
rCorr    +         Harm     .   v - +2 pair of gloves
MR       .....                  (no boots)
Stlth    ++........             (no amulet)
HPRegen  0.22/turn              g - ring of see invisible
MPRegen  0.14/turn              n - ring of poison resistance

@: lightly drained
A: distributed training, fangs 1, strong nose
a: no special abilities


You were on level 6 of the Dungeon.
You were not hungry.

You visited 1 branch of the dungeon, and saw 6 of its levels.

You collected 690 gold pieces.

Inventory:

Hand Weapons
 a - a +1 war axe (weapon)
 k - a +2 short sword of holy wrath
Missiles
 m - 8 javelins (quivered)
Armour
 b - +0 acid dragon scales (worn)
 c - a +0 shield (worn)
 d - a scarf of resistance (worn)
 v - a +2 pair of gloves (worn)
Jewellery
 g - a ring of see invisible (left hand)
 n - a ring of poison resistance (right hand)
Wands
 j - a wand of iceblast (9)
 w - a wand of flame (16)
Scrolls
 e - 3 scrolls of identify
 h - 2 scrolls of remove curse
 l - 2 scrolls of fear
 p - a scroll of magic mapping
 q - 3 scrolls of fog
 t - 2 scrolls of amnesia
Potions
 i - a potion of flight
 u - a potion of brilliance
Comestibles
 f - 8 rations
 o - 6 chunks of flesh


   Skills:
 + Level 7.7(7.4) Fighting
 + Level 3.9(3.6) Short Blades
 + Level 3.9(3.6) Long Blades
 + Level 6.1(5.8) Axes
 + Level 3.9(3.6) Maces & Flails
 + Level 3.9(3.6) Polearms
 + Level 3.9(3.6) Staves
 + Level 3.9(3.6) Slings
 + Level 3.9(3.6) Bows
 + Level 3.9(3.6) Crossbows
 + Level 3.9(3.6) Throwing
 + Level 7.7(7.4) Armour
 + Level 3.9(3.6) Dodging
 + Level 3.9(3.6) Stealth
 + Level 7.7(7.4) Shields
 + Level 3.9(3.6) Unarmed Combat
 + Level 3.9(3.6) Spellcasting
 + Level 3.2(2.9) Conjurations
 + Level 3.2(2.9) Hexes
 + Level 3.2(2.9) Charms
 + Level 3.2(2.9) Summonings
 + Level 3.2(2.9) Necromancy
 + Level 3.2(2.9) Translocations
 + Level 3.2(2.9) Transmutations
 + Level 3.2(2.9) Fire Magic
 + Level 3.2(2.9) Ice Magic
 + Level 3.2(2.9) Air Magic
 + Level 3.2(2.9) Earth Magic
 + Level 3.2(2.9) Poison Magic
 + Level 4.2(4.0) Invocations
 + Level 3.9(3.6) Evocations


You had 15 spell levels left.
You didn't know any spells.
Your spell library was empty.

Dungeon Overview and Level Annotations

Branches:
Dungeon (6/15)
 Temple: D:4-7

Altars:
Ashenzari
Elyvilon
Fedhas
Gozag
Hepliaklqana
Makhleb
Uskayaw


Innate Abilities, Weirdness & Mutations

Your experience applies equally to all skills.
You have very sharp teeth.
Your uncanny sense of smell can sniff out nearby items.


Message History

You feel invigorated.
You barely miss the two-headed ogre.
The two-headed ogre is heavily wounded.
The two-headed ogre hits you with a +0 giant club.
* * * LOW HITPOINT WARNING * * *
The two-headed ogre misses you.
You bump into the crystal wall.
The two-headed ogre closely misses you. x2
You barely miss the two-headed ogre.
The two-headed ogre is heavily wounded.
The two-headed ogre hits you with a +0 giant club. x2
You're too confused to move!
The two-headed ogre misses you.
The two-headed ogre hits you with a +0 giant club!!
* * * LOW HITPOINT WARNING * * *
The sky beast flickers out of sight for a moment.
You hit the two-headed ogre.
The two-headed ogre is heavily wounded.
You feel less invigorated.
You feel less confused.
The two-headed ogre hits you with a +0 giant club!
You die...

,,,,,***,,,*,,.#,$,,* #..........
,,,*,,,**,,*,,#.#.,########.#....
,*,,,,,*****,,,...##....###......
,*********,***,..##......###...(.
,,,,****Z(...###'#..#..#..##.....
,,,,,*,,,Oz....#.#...##...'......
,,,,,*,,,*Y#...#.#...##...'....##
,,,,,*,,,,#....#.'..#..#..##.....
,,,,**,,,,#l...#@##......####....
,,,,**,..#.#...#O###....## #....
,,,,**,........#z# ##########....
,,,,****,,,,,#'#Y#### #.......
,,,,* ***,**#......######.......
,,,,* ****+* #......#............
,,,,* *,,,,**#..##..#............
,,,,***,∆*∆,*#..#*..#............
,,,,**,,*∆*,,#...,..#.####.....#.


You could see a two-headed ogre, a sky beast (invisible) and a wight.

Vanquished Creatures
  Sigmund (D:3)
  A soldier ant (D:6)
  A black bear (D:6)
  An orc warrior (D:5)
  4 sky beasts (D:5)
  2 phantoms
  2 ogres
  2 centaurs (D:6)
  A crimson imp (D:6)
  A centaur zombie (D:6)
  A hound (D:5)
  An orc priest (D:5)
  2 orc wizards
  3 iguanas
  2 worker ants
  A worker ant zombie (D:6)
  Robin (D:3)
  5 gnolls
  6 adders
  A shadow imp (D:5)
  An ooze (D:1)
  An adder zombie (D:6)
  A dart slug (D:1)
  A leopard gecko (D:2)
  26 orcs
  7 giant cockroaches
  14 goblins
  11 hobgoblins
  4 jackals (D:4)
  5 quokkas
  3 ball pythons
  6 bats
  3 frilled lizards
  13 kobolds
  A quokka skeleton (D:4)
  7 rats
143 creatures vanquished.

Vanquished Creatures (others)
  2 fungi (D:6)
2 creatures vanquished.

Grand Total: 145 creatures vanquished

Notes
Turn   | Place    | Note
-------+----------+-------------------------------------------
     0 | D:1      | Ijustatesigmund the Gnoll Fighter began the quest for the
                  | Orb.
     0 | D:1      | Reached XP level 1. HP: 23/23 MP: 1/1
   149 | D:1      | Reached XP level 2. HP: 29/29 MP: 2/2
   237 | D:1      | Reached XP level 3. HP: 32/35 MP: 3/3
   469 | D:2      | Reached skill level 1 in Invocations
   494 | D:2      | Reached skill level 1 in Short Blades
   494 | D:2      | Reached skill level 1 in Long Blades
   494 | D:2      | Reached skill level 1 in Maces & Flails
   494 | D:2      | Reached skill level 1 in Polearms
   494 | D:2      | Reached skill level 1 in Staves
   494 | D:2      | Reached skill level 1 in Slings
   494 | D:2      | Reached skill level 1 in Bows
   494 | D:2      | Reached skill level 1 in Crossbows
   494 | D:2      | Reached skill level 1 in Throwing
   494 | D:2      | Reached skill level 1 in Dodging
   494 | D:2      | Reached skill level 1 in Stealth
   494 | D:2      | Reached skill level 1 in Unarmed Combat
   494 | D:2      | Reached skill level 1 in Spellcasting
   494 | D:2      | Reached skill level 1 in Evocations
   494 | D:2      | Reached XP level 4. HP: 41/41 MP: 5/5
   539 | D:2      | Found an opulent altar of Gozag.
   550 | D:2      | Reached skill level 1 in Conjurations
   550 | D:2      | Reached skill level 1 in Hexes
   550 | D:2      | Reached skill level 1 in Charms
   550 | D:2      | Reached skill level 1 in Summonings
   550 | D:2      | Reached skill level 1 in Necromancy
   550 | D:2      | Reached skill level 1 in Translocations
   550 | D:2      | Reached skill level 1 in Transmutations
   550 | D:2      | Reached skill level 1 in Fire Magic
   550 | D:2      | Reached skill level 1 in Ice Magic
   550 | D:2      | Reached skill level 1 in Air Magic
   550 | D:2      | Reached skill level 1 in Earth Magic
   550 | D:2      | Reached skill level 1 in Poison Magic
   921 | D:3      | Noticed Robin
   930 | D:3      | Reached XP level 5. HP: 46/47 MP: 6/6
   931 | D:3      | Killed Robin
   963 | D:3      | Noticed Sigmund
   977 | D:3      | Killed Sigmund
   977 | D:3      | Reached XP level 6. HP: 42/53 MP: 8/8
  1105 | D:3      | Found a white marble altar of Elyvilon.
  1106 | D:3      | Found a hazy altar of Hepliaklqana.
  1106 | D:3      | Found a burning altar of Makhleb.
  1107 | D:3      | Found a hide-covered altar of Uskayaw.
  1111 | D:3      | Found a shattered altar of Ashenzari.
  1247 | D:3      | Reached skill level 5 in Axes
  2121 | D:4      | Reached XP level 7. HP: 59/59 MP: 10/10
  2894 | D:5      | Entered Level 5 of the Dungeon
  3546 | D:5      | Reached XP level 8. HP: 52/67 MP: 12/12
  4085 | D:6      | Found a blossoming altar of Fedhas.
  4744 | D:6      | Reached XP level 9. HP: 31/72 MP: 14/14
  5109 | D:6      | Noticed a two-headed ogre
  5134 | D:6      | Slain by a two-headed ogre

Levels and vault maps discovered:
D:1:      tarquinn_simple_flora_water_a, layout_rooms, chequers_avenue,
          nrook_mini_backslash
D:2:      layout_rooms, grunt_gozag_statues,
          wander_ebering_terrifying_dragon_lair
D:3:      layout_basic, minitemple, uniq_sigmund, uniq_robin
D:4:      layout_basic, minivault_5
D:5:      layout_basic, nicolae_overflow_hidden_temple, first_ration
D:6:      minmay_polygon_palace, layout_basic, lemuel_crystal_altar,
          fedhas_altar_3

Skill      XL: |  1  2  3  4  5  6  7  8 |
---------------+-------------------------+-----
Invocations    | 1 2 3 4 |  4.2
Short Blades   | 1 2 3 |  3.9
Long Blades    | 1 2 3 |  3.9
Maces & Flails | 1 2 3 |  3.9
Polearms       | 1 2 3 |  3.9
Staves         | 1 2 3 |  3.9
Slings         | 1 2 3 |  3.9
Bows           | 1 2 3 |  3.9
Crossbows      | 1 2 3 |  3.9
Throwing       | 1 2 3 |  3.9
Dodging        | 1 2 3 |  3.9
Stealth        | 1 2 3 |  3.9
Unarmed Combat | 1 2 3 |  3.9
Spellcasting   | 1 2 3 |  3.9
Evocations     | 1 2 3 |  3.9
Conjurations   | 1 2 3 |  3.2
Hexes          | 1 2 3 |  3.2
Charms         | 1 2 3 |  3.2
Summonings     | 1 2 3 |  3.2
Necromancy     | 1 2 3 |  3.2
Translocations | 1 2 3 |  3.2
Transmutations | 1 2 3 |  3.2
Fire Magic     | 1 2 3 |  3.2
Ice Magic      | 1 2 3 |  3.2
Air Magic      | 1 2 3 |  3.2
Earth Magic    | 1 2 3 |  3.2
Poison Magic   | 1 2 3 |  3.2
Axes           | 5 6 |  6.1
Fighting       | 7 |  7.7
Armour         | 7 |  7.7
Shields        | 7 |  7.7

Action                   |  1- 3 |  4- 6 |  7- 9 || total
-------------------------+-------+-------+-------++-------
Melee: War axe           |    64 |   118 |   251 ||   433
       Bite              |     3 |     8 |    46 ||    57
       Short sword       |       |       |    10 ||    10
Throw: Javelin           |       |     7 |     5 ||    12
  Use: Potion            |     1 |     1 |     2 ||     4
       Scroll            |       |    10 |     5 ||    15
 Stab: Invisible         |       |     2 |       ||     2
       Sleeping          |       |     1 |     1 ||     2
  Eat: Chunk             |       |     3 |     8 ||    11
       Ration            |       |       |     1 ||     1
Armor: Scale mail        |    32 |    43 |       ||    75
       Acid dragon scale |       |       |    82 ||    82
Dodge: Dodged            |    19 |    44 |   127 ||   190
Block: Shield            |    39 |    64 |   137 ||   240

Table legend:
 A = Non-vault XP
 B = Vault XP
 C = Vault XP percentage of total XP
 D = Non-vault monster count
 E = Vault monster count
 F = Vault count percentage of total count
                 A         B        C        D         E       F
            +---------+---------+-------+---------+---------+-------
      Total |    2053 |     646 |  23.9 |     126 |      17 |  11.9
            +---------+---------+-------+---------+---------+-------
        D:1 |      48 |       0 |   0.0 |      25 |       0 |   0.0
        D:2 |     102 |       3 |   2.9 |      29 |       1 |   3.3
        D:3 |     120 |     236 |  66.3 |      24 |       9 |  27.3
        D:4 |     301 |       0 |   0.0 |      10 |       0 |   0.0
        D:5 |     862 |       0 |   0.0 |      26 |       0 |   0.0
        D:6 |     620 |     407 |  39.6 |      12 |       7 |  36.8
            +---------+---------+-------+---------+---------+-------
